 Dungeon Crawl Stone Soup version 0.31-a0-237-g2d982f9f85 (webtiles) character file.

Game seed: 8696953701152165080

449 qw the Shooter (level 7, -7/42 HPs)
             Began as a Gargoyle Hexslinger on July 10, 2023.
             Mangled by a yak (9 damage)
             ... on level 5 of the Dungeon.
             The game lasted 00:01:51 (3410 turns).

qw the Shooter (Gargoyle Hexslinger)                Turns: 3410, Time: 00:01:51

Health: -7/42      AC: 12    Str: 11    XL:     7   Next: 4%
Magic:  8/8        EV: 12    Int: 14    God:
Gold:   187        SH:  0    Dex: 14    Spells: 7/8 levels left

rFire   . . .        Y - +3 sling (freeze)
rCold   . . .        (no shield)
rNeg    + . .        j - +0 robe {Will+}
rPois   inf          b - +1 helmet
rElec   +            (no cloak)
rCorr   .            d - +1 pair of gloves {hurl}
SInv    .            a - +0 pair of boots
Will    +....        (no amulet)
Stlth   +            (no ring)
HPRegen 0.27/turn    (no ring)
MPRegen 0.11/turn

%: no passive effects
@: no status effects
A: sickness immunity, AC +4, negative energy resistance 1, electricity
resistance, torment resistance 1, petrification resistance
a: no special abilities


You were on level 5 of the Dungeon.
You visited 1 branch of the dungeon, and saw 5 of its levels.

You collected 187 gold pieces.


Innate Abilities, Weirdness & Mutations

You are immune to sickness and miasma.
Your stone body is resilient. (AC +4)
You are immune to poison.
You resist negative energy. (rN+)
You are resistant to electric shocks. (rElec)
You are resistant to unholy torment.
You are immune to petrification.


   Skills:
 + Level 3.7 Fighting
 - Level 6.1 Ranged Weapons
 - Level 2.0 Armour
 - Level 1.5 Dodging
 - Level 1.0 Spellcasting
 - Level 2.6 Hexes


You had 7 spell levels left.
You knew the following spells:

 Your Spells              Type           Power      Damage    Failure   Level
a - Slow                  Hex            32%        N/A       9%          1

Your spell library contained the following spells:

 Spells                   Type           Power      Damage    Failure   Level
 Inner Flame              Hex/Fire       4%         N/A       41%         3
 Portal Projectile        Hex/Tloc       8%         N/A       41%         3
 Cause Fear               Hex            4%         N/A       65%         4

Inventory:

Hand Weapons
 Y - a +3 sling of freezing (weapon)
Armour
 a - a +0 pair of boots (worn)
 b - a +1 helmet (worn)
 c - a +0 ring mail
 d - a +1 pair of gloves of hurling (worn)
 j - a +0 robe of willpower (worn)
Scrolls
 f - a scroll of summoning {unknown}
 h - a scroll of identify
Potions
 e - a potion of mutation {unknown}
 g - a potion of haste
 i - a potion of berserk rage {unknown}
 k - a potion of magic {unknown}

Dungeon Overview and Level Annotations

Branches:
Dungeon (5/15)             Temple (0/1) D:5

Altars:
Ashenzari
Kikubaaqudgha
Sif Muna
Vehumet


Message History

The sling bullet freezes the yak.
The yak is lightly wounded.
The yak gores you but does no damage.
You shoot a sling bullet. The sling bullet barely misses the yak.
The yak closely misses you.
You shoot a sling bullet. The sling bullet barely misses the yak.
The yak closely misses you.
You shoot a sling bullet. The sling bullet hits the yak.
The sling bullet freezes the yak.
The yak is moderately wounded.
The yak closely misses you.
You shoot a sling bullet.
The sling bullet closely misses the yak.
The yak gores you.
You shoot a sling bullet. The sling bullet hits the yak.
The sling bullet freezes the yak.
The yak is heavily wounded.
The yak barely misses you.
You shoot a sling bullet. The sling bullet hits the yak.
The sling bullet freezes the yak.
The yak is severely wounded.
The yak barely misses you.
You shoot a sling bullet. The sling bullet hits the yak.
The sling bullet freezes the yak.
The yak is almost dead.
The yak gores you but does no damage.
You shoot a sling bullet.
The sling bullet hits the yak but does no damage.
The yak is almost dead.
The yak gores you.
You shoot a sling bullet.
The sling bullet closely misses the yak.
The yak gores you. The yak closely misses you.
You shoot a sling bullet. The sling bullet hits the yak.
The sling bullet freezes the yak.
The yak is almost dead.
The yak barely misses you.
You shoot a sling bullet. The sling bullet barely misses the yak.
The yak gores you!
You die...

... ..............#.
....####........(#) ...
#........... #.#
#.........## #.#
##...###.###. . +#.#+
##..#.# #.# ##
...###...###...#.# #.#
.......8.........###.###
..###..@###...###~...~#.
+#.#YS##..# #~...~#.
#.#l..##.# #~...~#.
#.##...#.# #~...~#. ...
#.?#.# #~...~#. .%)
###.# #~...~#. ....
#~...~#. ##.## #~...~#.
###.###.


You could see a yak, an iguana and an adder.

Vanquished Creatures
  A jelly (D:5)
  An orc priest (D:3)
  A hound (D:4)
  Jessica (D:3)
  2 orc wizards
  6 gnolls
  10 adders
  A worm (D:3)
  A dart slug (D:1)
  16 orcs
  A bat zombie (D:5)
  9 endoplasms
  3 giant cockroaches
  10 goblins
  10 hobgoblins
  8 jackals
  9 kobolds
  4 quokkas
  9 ball pythons
  6 bats
  6 frilled lizards
  4 rats
  2 rat zombies (D:5)
121 creatures vanquished.

Notes
Turn   | Place    | Note
-------+----------+-------------------------------------------
     0 | D:1      | qw the Gargoyle Hexslinger began the quest for the Orb.
     0 | D:1      | Reached XP level 1. HP: 12/12 MP: 2/2
     0 | D:1      | 0 ||| qw: Version: 0.3-a-52-g30416fa
     0 | D:1      | 0 ||| qw: Game counter: 5174
     0 | D:1      | 0 ||| qw: Melee chars always use a shield: true
     0 | D:1      | 0 ||| qw: God list: Okawaru
     0 | D:1      | 0 ||| qw: Allow faded altars: false
     0 | D:1      | 0 ||| qw: Do Orc after clearing Dungeon:15 true
     0 | D:1      | 0 ||| qw: Do second Lair branch before Depths: true
     0 | D:1      | 0 ||| qw: Lair rune preference: random
     0 | D:1      | 0 ||| qw: Goals: Normal
     0 | D:1      | 0 ||| PLANNING D:1-11
    92 | D:1      | Reached XP level 2. HP: 16/16 MP: 3/3
   120 | D:1      | 120 ||| SWAPPING to +0 sling of freezing.
   121 | D:1      | 121 ||| DROPPING +1 sling.
   134 | D:1      | Reached skill level 3 in Ranged Weapons
   141 | D:1      | 141 ||| FLEEEEING.
   144 | D:1      | 144 ||| FLEEEEING.
   145 | D:1      | 145 ||| FLEEEEING.
   146 | D:1      | 146 ||| FLEEEEING.
   147 | D:1      | 147 ||| FLEEEEING.
   148 | D:1      | 148 ||| FLEEEEING.
   149 | D:1      | 149 ||| FLEEEEING.
   150 | D:1      | 150 ||| FLEEEEING.
   153 | D:1      | 153 ||| FLEEEEING.
   154 | D:1      | 154 ||| FLEEEEING.
   155 | D:1      | 155 ||| FLEEEEING.
   156 | D:1      | 156 ||| FLEEEEING.
   157 | D:1      | 157 ||| FLEEEEING.
   159 | D:1      | 159 ||| FLEEEEING.
   160 | D:1      | 160 ||| FLEEEEING.
   161 | D:1      | 161 ||| FLEEEEING.
   240 | D:1      | You fall into a shaft and drop 1 floor!
   270 | D:2      | Reached XP level 3. HP: 21/21 MP: 4/4
   339 | D:2      | 339 ||| UPGRADING to +0 leather armour.
   349 | D:2      | 349 ||| DROPPING +0 robe.
   350 | D:2      | 350 ||| READING scroll labelled YCIASYK PORISO.
   351 | D:2      | 351 ||| READING scroll labelled QITAHUSEEM.
   352 | D:2      | 352 ||| READING scroll labelled JIUC OFUDDYFE.
   353 | D:2      | 353 ||| READING scroll labelled UDWYNI CASKA.
   357 | D:2      | 357 ||| DRINKING 2 orange potions.
   358 | D:2      | 358 ||| DROPPING scroll of poison.
   359 | D:2      | 359 ||| Stepping randomly (stuck).
   360 | D:2      | 360 ||| Stepping randomly (stuck).
   361 | D:2      | 361 ||| Stepping randomly (stuck).
   362 | D:2      | 362 ||| Stepping randomly (stuck).
   364 | D:2      | 364 ||| READING scroll labelled TUGEUXK ZIOXUGE.
   365 | D:2      | 365 ||| Stepping randomly (stuck).
   366 | D:2      | 366 ||| Stepping randomly (stuck).
   367 | D:2      | 367 ||| Stepping randomly (stuck).
   368 | D:2      | 368 ||| Stepping randomly (stuck).
   369 | D:2      | 369 ||| Stepping randomly (stuck).
   370 | D:2      | 370 ||| Stepping randomly (stuck).
   371 | D:2      | 371 ||| Stepping randomly (stuck).
   372 | D:2      | 372 ||| Stepping randomly (stuck).
   373 | D:2      | 373 ||| Stepping randomly (stuck).
   374 | D:2      | 374 ||| Stepping randomly (stuck).
   375 | D:2      | 375 ||| Stepping randomly (stuck).
   376 | D:2      | 376 ||| Stepping randomly (stuck).
   377 | D:2      | 377 ||| Stepping randomly (stuck).
   378 | D:2      | 378 ||| Stepping randomly (stuck).
   379 | D:2      | 379 ||| Stepping randomly (stuck).
   380 | D:2      | 380 ||| Stepping randomly (stuck).
   381 | D:2      | 381 ||| Stepping randomly (stuck).
   382 | D:2      | 382 ||| Stepping randomly (stuck).
   383 | D:2      | 383 ||| Stepping randomly (stuck).
   384 | D:2      | 384 ||| Stepping randomly (stuck).
   385 | D:2      | 385 ||| Stepping randomly (stuck).
   386 | D:2      | 386 ||| Stepping randomly (stuck).
   387 | D:2      | 387 ||| Stepping randomly (stuck).
   388 | D:2      | 388 ||| Stepping randomly (stuck).
   389 | D:2      | 389 ||| Stepping randomly (stuck).
   390 | D:2      | 390 ||| Stepping randomly (stuck).
   774 | D:1      | 774 ||| UPGRADING to +0 pair of boots.
  1166 | D:2      | 1166 ||| UPGRADING to +0 ring mail.
  1176 | D:2      | 1176 ||| DROPPING +0 leather armour.
  1177 | D:2      | 1177 ||| DRINKING 2 fizzy black potions.
  1244 | D:3      | Reached XP level 4. HP: 12/26 MP: 5/5
  1245 | D:3      | 1245 ||| DRINKING potion of curing.
  1245 | D:3      | 1245 ||| (to cure confusion)
  1255 | D:3      | Reached skill level 4 in Ranged Weapons
  1257 | D:3      | Reached XP level 5. HP: 27/30 MP: 6/6
  1613 | D:3      | HP: 7/30 [gnoll/+0 halberd (8)]
  1614 | D:3      | 1614 ||| READING scroll of teleportation.
  1615 | D:3      | 1615 ||| DRINKING potion of heal wounds.
  1733 | D:3      | Reached skill level 5 in Ranged Weapons
  1821 | D:3      | 1821 ||| READING scroll of enchant weapon.
  1821 | D:3      | 1821 ||| ENCHANTING +1 sling of freezing.
  2140 | D:3      | Noticed Jessica
  2144 | D:3      | Killed Jessica
  2145 | D:3      | Reached skill level 3 in Fighting
  2145 | D:3      | Reached XP level 6. HP: 37/37 MP: 7/7
  2153 | D:3      | Found a shimmering blue altar of Sif Muna.
  2418 | D:3      | 2418 ||| UPGRADING to +0 helmet.
  2423 | D:3      | 2423 ||| UPGRADING to +0 robe of willpower.
  2433 | D:3      | 2433 ||| READING scroll labelled OFINTIAWNA.
  2434 | D:3      | 2434 ||| READING scroll labelled MIZEL OZEGE.
  2435 | D:3      | 2435 ||| DRINKING 2 black potions.
  2436 | D:3      | 2436 ||| DROPPING potion of attraction.
  2773 | D:4      | 2773 ||| FLEEEEING.
  2774 | D:4      | 2774 ||| FLEEEEING.
  2874 | D:4      | Found a broken altar of Ashenzari.
  2882 | D:4      | 2882 ||| READING scroll of enchant armour.
  2882 | D:4      | 2882 ||| ENCHANTING +0 helmet.
  2959 | D:4      | 2959 ||| READING scroll of enchant weapon.
  2959 | D:4      | 2959 ||| ENCHANTING +2 sling of freezing.
  3185 | D:4      | Found a radiant altar of Vehumet.
  3189 | D:4      | 3189 ||| UPGRADING to +1 pair of gloves of hurling.
  3194 | D:4      | 3194 ||| READING scroll labelled ZADWIU QUWYSH.
  3195 | D:4      | 3195 ||| DRINKING 2 fizzy blue potions.
  3220 | D:5      | Entered Level 5 of the Dungeon
  3221 | D:5      | 3221 ||| PLANNING SEWER
  3258 | D:5      | Found a staircase to the Ecumenical Temple.
  3289 | D:5      | Reached skill level 6 in Ranged Weapons
  3301 | D:5      | 3301 ||| Stepping ~*~*~tactically~*~*~ (outnumbered).
  3355 | D:5      | Found an ancient bone altar of Kikubaaqudgha.
  3380 | D:5      | Reached XP level 7. HP: 41/41 MP: 8/8
  3384 | D:5      | Noticed a yak
  3398 | D:5      | HP: 8/42 [yak (12)]
  3403 | D:5      | HP: 8/42 [yak (1)]
  3408 | D:5      | HP: 2/42 [yak (6)]
  3410 | D:5      | Mangled by a yak

Levels and vault maps discovered:
D:1:      amcnicky_arrival_double_pillar, layout_rooms, minmay_pentomino_u4
D:2:      layout_loops_ring
D:3:      minmay_chambers_of_twos, layout_basic, tgw_sif, grunt_decor_arrowhead,
          st_stairs_1, minmay_stone_trees_medium, grunt_ministairs_14
D:4:      layout_gridville, mainiacjoe_overflow_small_starburst,
          fiery_altar_vehumet
D:5:      cheibrodos_barr_body, layout_basic, lemuel_zombie_altar_kikubaaqudgha,
          minmay_temple_entry_statues, cheibrodos_sewer_entry_drain

Skill      XL: |  1  2  3  4  5  6 |
---------------+-------------------+-----
Ranged Weapons | 3 4 5 6 |  6.1
Fighting       | 2 3 |  3.7
Armour         | 2 |  2.0
Dodging        | |  1.5
Spellcasting   | |  1.0
Hexes          | |  2.6

Action                     |  1- 3 |  4- 6 |  7- 9 || total
---------------------------+-------+-------+-------++-------
   Fire: Sling             |   117 |   232 |    28 ||   377
    Use: Scroll            |     5 |     7 |       ||    12
         Potion            |     2 |     4 |       ||     6
 Armour: Robe              |     6 |    29 |     7 ||    42
         Leather armour    |    14 |       |       ||    14
         Ring mail         |     7 |    43 |       ||    50
  Dodge: Dodged            |    36 |    73 |    12 ||   121

Table legend:
 A = Non-vault XP
 B = Vault XP
 C = Vault XP percentage of total XP
 D = Non-vault monster count
 E = Vault monster count
 F = Vault count percentage of total count
                 A         B        C        D         E       F
            +---------+---------+-------+---------+---------+-------
      Total |     545 |      97 |  15.1 |      99 |      22 |  18.2
            +---------+---------+-------+---------+---------+-------
        D:1 |      45 |       6 |  11.8 |      24 |       3 |  11.1
        D:2 |      21 |       0 |   0.0 |      14 |       0 |   0.0
        D:3 |     206 |      72 |  25.9 |      30 |      14 |  31.8
        D:4 |     159 |       0 |   0.0 |      24 |       0 |   0.0
        D:5 |     114 |      19 |  14.3 |       7 |       5 |  41.7
            +---------+---------+-------+---------+---------+-------
